 Dungeon Crawl Stone Soup version 0.29-a0-902-g0f71de6fce (webtiles) character file.

Game seed: 1336013569511398827

49 greasedhog the Sneak (level 3, 0/31 HPs)
             Began as a Gargoyle Brigand on July 25, 2022.
             Slain by a gnoll
             ... wielding a +0 spear
              (3 damage)
             ... on level 2 of the Dungeon.
             The game lasted 00:02:10 (1298 turns).

greasedhog the Sneak (Gargoyle Brigand)             Turns: 1298, Time: 00:02:10

Health: 0/31       AC:  6    Str: 14    XL:     3   Next: 75%
Magic:  3/3        EV: 12    Int: 17    God:
Gold:   30         SH:  0    Dex: 13    Spells: 2/2 levels left

rFire   + . .      SeeInvis .   a - +2 dagger
rCold   + . .      Faith    .   (no shield)
rNeg    + . .      Spirit   .   l - +0 robe {rC+ rF+}
rPois   ∞          Reflect  .   (no helmet)
rElec   +          Harm     .   c - +0 cloak
rCorr   .          Rampage  .   (no gloves)
Will    +....                   (no boots)
Stlth   ..........              (no amulet)
HPRegen 0.10/turn               g - ring of willpower
MPRegen 0.08/turn               k - +6 ring of intelligence

@: berserking, very quick
A: sickness immunity, AC +3, negative energy resistance 1, electricity
resistance, torment resistance 1, petrification resistance
a: no special abilities


You were on level 2 of the Dungeon.
You visited 1 branch of the dungeon, and saw 2 of its levels.

You collected 30 gold pieces.

Inventory:

Hand Weapons
 a - a +2 dagger (weapon)
 i - a +0 short sword
Missiles
 d - 5 poisoned darts (quivered)
 e - 3 curare-tipped darts
Armour
 c - a +0 cloak (worn)
 l - a +0 robe of resistance (worn)
Jewellery
 g - a ring of willpower (left hand)
 h - a ring of see invisible
 k - a +6 ring of intelligence (right hand)
Scrolls
 b - 2 scrolls of magic mapping


   Skills:
 - Level 2.1 Fighting
 * Level 2.8 Short Blades
 - Level 1.7 Throwing
 * Level 2.0 Dodging
 - Level 4.3 Stealth


You had 2 spell levels left.
You didn't know any spells.
Your spell library was empty.

Dungeon Overview and Level Annotations

Branches:
Dungeon (2/15)

Altars:


Innate Abilities, Weirdness & Mutations

You are immune to sickness and miasma.
Your stone body is resilient. (AC +3)
You are immune to poison.
You resist negative energy. (rN+)
You are resistant to electric shocks. (rElec)
You are resistant to unholy torment.
You are immune to petrification.


Message History

You kill the gnoll!
The gnoll misses you. The adder bites you.
Your Dodging skill increases to level 2!
Throw: 7 darts (poison)
Press: ? - help, Q - select action, (/) - cycle Shift-Dir - straight line, f - adder
Aim: an adder (38% to hit)
You throw a poisoned dart. The poisoned dart hits the adder.
The adder is poisoned.
The gnoll barely misses you. The adder bites you but does no damage.
You hit the adder but do no damage.
The adder is lightly wounded.
The adder misses you.
The gnoll hits you from afar with a +0 spear.
You miss the adder.
The adder is moderately wounded.
The adder barely misses you. The gnoll completely misses you.
You hit the adder but do no damage.
The adder is moderately wounded.
The adder bites you but does no damage.
The gnoll hits you from afar with a +0 spear!
The kobold throws a stone.
The stone closely misses you. The adder bites you but does no damage.
Throw: 6 darts (poison)
Press: ? - help, Q - select action, (/) - cycle Shift-Dir - straight line, f/p - adder
Aim: an adder (heavily wounded, poisoned, 38% to hit)
You throw a poisoned dart.
The poisoned dart closely misses the adder.
The adder closely misses you.
The gnoll hits you from afar with a +0 spear.
* * * LOW HITPOINT WARNING * * *
The adder bites you.
* * * LOW HITPOINT WARNING * * *
The adder attacks as you move away! The adder barely misses you.
The adder looks more healthy.
There is an open door here.
A red film seems to cover your vision as you go berserk!
You feel yourself moving faster!
You feel mighty!
The adder bites you but does no damage. x2
The gnoll hits you from afar with a +0 spear.
You die...

**,###.##..##.###..,,,* *,*
*,......!)#...#.#,**,* *,*
*,###.##.#.....#*,**,* *,* *,*
#....K....#.#,**,***,* *,*
####.###K#.#*,,,,,,,,**** *,* #.*
#.#*#****,****,>,* ###,###**#.*
#g# *,***,***, #..,...,,..*##S##
*,,,,,* *, #.#*#.#**####.@.##
*****,***, #.# #.# ##.....##
****,,,* #.###.# ##.......##
**,***,**
###.....####.........#***,,,,,,,,
...........'.........+,,,,,,,,,**
#####...####.........#***,,,**,**
##.## ##.......## *,,*,,,,* #.#
##.....## **,*,*,** #.#
****##...## *,,,,***


You could see a gnoll, an adder and a kobold.

Vanquished Creatures
  A gnoll (D:2)
  3 endoplasms (D:1)
  3 giant cockroaches
  8 goblins
  2 hobgoblins (D:1)
  2 jackals (D:1)
  A quokka (D:1)
  2 ball pythons
  4 bats (D:1)
  2 frilled lizards (D:1)
  4 kobolds (D:1)
  2 rats
34 creatures vanquished.

Notes
Turn   | Place    | Note
-------+----------+-------------------------------------------
     0 | D:1      | greasedhog the Gargoyle Brigand began the quest for the
                  | Orb.
     0 | D:1      | Reached XP level 1. HP: 12/12 MP: 1/1
    82 | D:1      | Reached skill level 1 in Dodging
   235 | D:1      | Reached XP level 2. HP: 17/17 MP: 2/2
   437 | D:1      | Found a faded altar of an unknown god.
   568 | D:1      | Reached XP level 3. HP: 21/21 MP: 3/3
  1295 | D:2      | HP: 1/21 [adder (3)]
  1298 | D:2      | Slain by a gnoll

Illustrated notes

Levels and vault maps discovered:
D:1:      tarquinn_simple_flora_water_a, layout_loops_ring,
          chequers_ecumenical_altar_simple, serial_rivers,
          chequers_serial_rivers_micro_d, chequers_serial_rivers_micro_b,
          chequers_serial_rivers_micro_b, chequers_serial_rivers_micro_a,
          minmay_misc_feat_hallway
D:2:      layout_loops_corners

Skill      XL: |  1  2  3 |
---------------+----------+-----
Dodging        | 1 2 |  2.0
Short Blades   | 2 |  2.8
Fighting       | |  2.1
Throwing       | |  1.7
Stealth        | |  4.3

Action                   || total
-------------------------++-------
Melee: Dagger            ||    72
Throw: Dart              ||     4
  Use: Scroll            ||     2
       Potion            ||     1
 Stab: Sleeping          ||    16
Armor: Robe              ||    27
Dodge: Dodged            ||    41

Table legend: (Time is in decaauts)
 A = Elapsed time spent in this place.
 B = Non-inter-level travel time spent in this place.
 C = Inter-level travel time spent in this place.
 D = Time resting spent in this place.
 E = Time spent auto-exploring this place.
 F = Levels seen in this place.
 G = Mean time per level.
                   A        B        C        D        E       F      G
               +--------+--------+--------+--------+--------+-----+--------+
         Total |   1291 |   1244 |     47 |      0 |   1003 |   2 |  645.5 |
       Dungeon |   1291 |   1244 |     47 |      0 |   1003 |   2 |  645.5 |
               +--------+--------+--------+--------+--------+-----+--------+

Top non-repeatable levels by time:
     D:1: 1034 daAuts
     D:2: 256 daAuts
